 Dungeon Crawl Stone Soup version 0.21-a0-221-gfe971b9 (webtiles) character file.

196 Moloch the Skirmisher (level 5, 0/59 HPs)
             Began as an Ogre Berserker on Aug 26, 2017.
             Was a Believer of Trog.
             Slain by a phantom (8 damage)
             ... on level 4 of the Dungeon.
             The game lasted 00:06:00 (3311 turns).

Moloch the Skirmisher (Ogre Berserker)              Turns: 3311, Time: 00:06:01

Health: 0/59       AC:  3    Str: 22    XL:     5   Next: 75%
Magic:  5/5        EV: 10    Int:  8    God:    Trog [**....]
Gold:   167        SH:  0    Dex:  8    Spells: 4/4 levels left

rFire    + . .     SeeInvis .   x - +0 hunting sling
rCold    . . .     Gourm    .   (no shield)
rNeg     . . .     Faith    .   b - +0 animal skin
rPois    .         Spirit   .   (helmet restricted)
rElec    .         Reflect  .   (no cloak)
rCorr    .         Harm     .   (gloves unavailable)
MR       .....                  (boots unavailable)
Stlth    +.........             (no amulet)
HPRegen  0.19/turn              q - ring of protection from fire
MPRegen  0.09/turn              (no ring)

@: no status effects
A: unfitting armour, tough skin 1
a: Berserk, Trog's Hand, Burn Spellbooks, Renounce Religion


You were on level 4 of the Dungeon.
You worshipped Trog.
Trog was pleased with you.
You were not hungry.

You visited 1 branch of the dungeon, and saw 4 of its levels.

You collected 167 gold pieces.

Inventory:

Hand Weapons
 a - a +0 mace
 x - a +0 hunting sling (weapon)
 y - a +0 club
Missiles
 e - 72 sling bullets
 l - 83 stones (quivered)
 w - 2 tomahawks
Armour
 b - a +0 animal skin (worn)
Jewellery
 q - a ring of protection from fire (left hand)
 s - an uncursed amulet of regeneration {unknown}
Scrolls
 f - a scroll of magic mapping {unknown}
 h - 2 scrolls of teleportation {unknown}
 j - 3 scrolls of identify {unknown}
 k - 2 scrolls of fear {unknown}
 p - 2 scrolls of recharging {unknown}
 t - 4 scrolls of remove curse {unknown}
 u - a scroll of blinking {unknown}
 z - a scroll of noise {unknown}
 F - a scroll of enchant weapon {unknown}
Potions
 g - a potion of cancellation {unknown}
 i - a potion of curing {unknown}
 m - a potion of ambrosia {unknown}
 n - 2 potions of brilliance {unknown}
 o - a potion of might {unknown}
 r - 2 potions of lignification {unknown}
 v - 3 potions of magic {unknown}
 C - a potion of resistance {unknown}
 D - a potion of agility {unknown}
 G - a potion of haste {unknown}
Comestibles
 c - 4 bread rations
 d - 3 royal jellies
 A - a chunk of flesh
 B - 2 meat rations
 E - a fruit


   Skills:
 + Level 5.8 Fighting
 - Level 2.6 Maces & Flails
 * Level 4.2 Throwing
 - Level 2.6 Dodging


You had 4 spell levels left.
You didn't know any spells.

Dungeon Overview and Level Annotations

Branches:
Dungeon (4/15)
 Temple: D:4-7

Altars:
Hepliaklqana


Innate Abilities, Weirdness & Mutations

You are too large for most types of armour.
You have tough skin. (AC +1)


Message History

Press: ? - help, Shift-Dir - straight line, f/p - phantom
Aim: a phantom (moderately damaged)
You shoot a stone. The stone closely misses the phantom.
The phantom hits you.
Firing (i - inventory. (,) - cycle):
l - 86 stones (quivered)
Press: ? - help, Shift-Dir - straight line, f/p - phantom
Aim: a phantom (moderately damaged)
You shoot a stone.
The stone hits the phantom but does no damage.
The phantom is moderately damaged.
The phantom barely misses you.
Firing (i - inventory. (,) - cycle):
l - 85 stones (quivered)
Press: ? - help, Shift-Dir - straight line, f/p - phantom
Aim: a phantom (moderately damaged)
You shoot a stone. The stone barely misses the phantom.
The phantom hits you!
* * * LOW HITPOINT WARNING * * *
Firing (i - inventory. (,) - cycle):
l - 84 stones (quivered)
Press: ? - help, Shift-Dir - straight line, f/p - phantom
Aim: a phantom (moderately damaged)
You shoot a stone. The stone barely misses the phantom.
The phantom hits you!
You die...

.
##############..
#...............
####.##>........
#.#<...###..
#.#....#
####(#.##.###...
#.((.@.....(..#
#.##W#....#####
#.###### #. #.
#. .. ##


You could see a phantom.

Vanquished Creatures
  An orc priest (D:3)
  An orc wizard (D:3)
  6 adders
  An ooze (D:1)
  3 worms
  A dart slug (D:3)
  2 leopard geckos
  2 orcs (D:3)
  A ball python (D:3)
  4 giant cockroaches
  10 goblins
  8 hobgoblins
  5 jackals
  9 bats
  7 frilled lizards
  6 kobolds
  4 rats
71 creatures vanquished.

Notes
Turn   | Place    | Note
-------+----------+-------------------------------------------
     0 | D:1      | Moloch the Ogre Berserker began the quest for the Orb.
     0 | D:1      | Reached XP level 1. HP: 24/24 MP: 1/1
   297 | D:1      | Reached XP level 2. HP: 32/33 MP: 2/2
   418 | D:1      | Reached skill level 1 in Throwing
   858 | D:1      | Reached skill level 5 in Fighting
   858 | D:1      | Reached XP level 3. HP: 42/42 MP: 3/3
  1530 | D:1      | Reached ** piety under Trog
  1721 | D:2      | Reached XP level 4. HP: 36/50 MP: 4/4
  2336 | D:3      | Reached XP level 5. HP: 56/59 MP: 5/5
  3180 | D:3      | Found a hazy altar of Hepliaklqana.
  3276 | D:4      | Noticed a phantom
  3311 | D:4      | Slain by a phantom

Vault maps used:
D:1:      evilmike_arrival_rings
D:3:      lemuel_round_altar, minmay_misc_feat_cross
D:4:      minmay_temple_entry_grid, first_bread, uniq_eustachio

Skill      XL: |  1  2  3  4  5 |
---------------+----------------+-----
Throwing       | 1 2 3 4 |  4.2
Fighting       | 5 |  5.8
Maces & Flails | |  2.6
Dodging        | |  2.6

Action                   |  1- 3 |  4- 6 || total
-------------------------+-------+-------++-------
Melee: Mace              |    78 |    37 ||   115
 Fire: Hunting sling     |       |    78 ||    78
Throw: Stone             |    83 |    48 ||   131
Invok: Berserk           |     1 |     1 ||     2
  Eat: Chunk             |     3 |     6 ||     9
Armor: Animal skin       |    33 |    20 ||    53
Dodge: Dodged            |    64 |    42 ||   106

Table legend:
 A = Spawn XP
 B = Non-spawn XP
 C = Spawn XP percentage of total XP
 D = Spawn monster count
 E = Non-spawn monster count
 F = Spawn count percentage of total count
 G = Total turns spent on level
                    A         B        C        D         E        F      G
               +---------+---------+-------+---------+---------+-------+---------
         Total |      16 |     265 |   5.7 |      11 |      60 |  15.5 |  3311
               +---------+---------+-------+---------+---------+-------+---------
           D:1 |       4 |      45 |   8.2 |       4 |      24 |  14.3 |  1559
           D:2 |      10 |      73 |  12.0 |       6 |      21 |  22.2 |   986
           D:3 |       2 |     147 |   1.3 |       1 |      15 |   6.2 |   723
               +---------+---------+-------+---------+---------+-------+---------
